 Dungeon Crawl Stone Soup version 0.30-a0-728-gc68057be0a (webtiles) character file.

Game seed: 5531858893486714535

0 jimonade the Sneak (level 1, -1/11 HPs)
             Began as a Vine Stalker Brigand on Jan 31, 2023.
             Slain by a gnoll
             ... wielding a +0 whip
              (8 damage)
             ... on level 1 of the Dungeon.
             The game lasted 00:00:08 (45 turns).

jimonade the Sneak (Vine Stalker Brigand)             Turns: 45, Time: 00:00:08

Health: -1/11      AC:  3    Str: 13    XL:     1   Next: 10%
Magic:  0/2        EV: 11    Int: 11    God:
Gold:   0          SH:  0    Dex: 15    Spells: 0/0 levels left

rFire   . . .      SeeInvis .    a - +2 dagger
rCold   . . .      Faith    .    (no shield)
rNeg    . . .      Spirit   +    b - +0 robe
rPois   .          Reflect  .    (no helmet)
rElec   .          Harm     .    c - +0 cloak
rCorr   .          Rampage  .    (no gloves)
Will    .....                    (no boots)
Stlth   +++                      (no amulet)
HPRegen 0.21/turn                (no ring)
MPRegen 0.08/turn                (no ring)

@: no status effects
A: fangs 2, magic shield, antimagic bite, no potion heal 2
a: no special abilities


You were on level 1 of the Dungeon.
You visited 1 branch of the dungeon, and saw 1 of its levels.

Inventory:

Hand Weapons
 a - a +2 dagger (weapon)
Missiles
 d - 9 poisoned darts (quivered)
 e - 3 curare-tipped darts
Armour
 b - a +0 robe (worn)
 c - a +0 cloak (worn)


   Skills:
 + Level 1.7 Fighting
 * Level 1.7 Short Blades
 + Level 1.7 Throwing
 + Level 0.8 Dodging
 + Level 4.8 Stealth


You couldn't memorise any spells.
You didn't know any spells.
Your spell library was empty.

Dungeon Overview and Level Annotations

Branches:
Dungeon (1/15)

Altars:


Innate Abilities, Weirdness & Mutations

You have extremely sharp teeth.
When hurt, damage is shared between your health and your magic reserves.
Your bite disrupts and absorbs the magic of your enemies.
Potions cannot restore your health.


Message History

Found a staircase leading out of the dungeon.
Unknown command.
Setting a skill training target for Short Blades at 10.0.
You open the door.
There is an open door here.
The vine stalker shouts!
The orc shouts!
The ogre shouts!
The formicid shouts!
The merfolk shouts!
The octopode shouts!
You open the door.
There is an open door here.
A gnoll comes into view. It is wielding a +0 whip.
The gnoll shouts!
A gnoll is nearby!
A hobgoblin and a bat come into view.
A kobold comes into view. It is wielding a +0 whip.
The bat misses you.
You hit the bat.
You kill the bat!
The gnoll barely misses you.
You closely miss the gnoll. The gnoll misses you.
The kobold throws a stone.
The stone hits you but does no damage.
You barely miss the gnoll. Your bite misses the gnoll.
The gnoll barely misses you.
You hit the gnoll.
The gnoll is lightly wounded.
The gnoll hits you with a +0 whip.
You barely miss the gnoll. Your bite misses the gnoll.
The gnoll is lightly wounded.
The kobold closely misses you. The gnoll hits you with a +0 whip.
You hit the gnoll. You bite the gnoll, but do no damage.
The gnoll is moderately wounded.
The gnoll barely misses you. The kobold closely misses you.
The kobold attacks as you move away! The kobold hits you but does no damage.
You hit the gnoll. Your bite misses the gnoll.
The gnoll is heavily wounded.
The gnoll hits you with a +0 whip!
Ouch! That really hurt!
You die...

#... #d#.#H#
.... ###.###
..... #d#.#p#
..... ###.###
#.....#B#.#H#
#.....###'###
#.....#.# #
#..#.K#.#.#
#....gg@..#
#.##..##### #
#..# ....#
?##### #


You could see a gnoll, a hobgoblin and a kobold.

Vanquished Creatures
  A bat (D:1)
1 creature vanquished.

Notes
Turn   | Place    | Note
-------+----------+-------------------------------------------
     0 | D:1      | jimonade the Vine Stalker Brigand began the quest for the
                  | Orb.
     0 | D:1      | Reached XP level 1. HP: 11/11 MP: 2/2
     2 | D:1      | Noticed a demonspawn
     2 | D:1      | Noticed a vine stalker
     4 | D:1      | Noticed a vampire
     6 | D:1      | Noticed a naga
     6 | D:1      | Noticed a minotaur
     8 | D:1      | Noticed an ogre
    10 | D:1      | Noticed a troll
    10 | D:1      | Noticed a meteoran
    12 | D:1      | Noticed a formicid
    12 | D:1      | Noticed a demigod
    14 | D:1      | Noticed a gargoyle
    16 | D:1      | Noticed a merfolk
    16 | D:1      | Noticed an elf
    18 | D:1      | Noticed a tengu
    18 | D:1      | Noticed an octopode
    20 | D:1      | Noticed a spriggan
    20 | D:1      | Noticed a ghoul
    22 | D:1      | Noticed a draconian
    22 | D:1      | Noticed an armataur
    24 | D:1      | Noticed a draconian
    24 | D:1      | Noticed a human
    26 | D:1      | Noticed a formicid
    26 | D:1      | Noticed an armataur
    45 | D:1      | Slain by a gnoll

Illustrated notes

Levels and vault maps discovered:
D:1:      kb_arrival_jail, layout_loops_ring, minmay_surrounded

Action                     || total
---------------------------++-------
  Melee: Dagger            ||     7
         Bite              ||     1
 Armour: Robe              ||     2
  Dodge: Dodged            ||     7

Table legend: (Time is in decaauts)
 A = Elapsed time spent in this place.
 B = Non-inter-level travel time spent in this place.
 C = Inter-level travel time spent in this place.
 D = Time resting spent in this place.
 E = Time spent auto-exploring this place.
 F = Levels seen in this place.
 G = Mean time per level.
                   A        B        C        D        E       F      G
               +--------+--------+--------+--------+--------+-----+--------+
         Total |     44 |     44 |      0 |      0 |     31 |   1 |   44.0 |
       Dungeon |     44 |     44 |      0 |      0 |     31 |   1 |   44.0 |
               +--------+--------+--------+--------+--------+-----+--------+

Top non-repeatable levels by time:
     D:1: 44 daAuts
